AoeStats
← Roelofzen

Black Forest

506343199Analyzed
1v1 RM · 20d ago on Sep 13, 2026· 51m 27s· 2 players
Game mode
Random Map
Map size
Tiny (2 player)
Population
200
Speed
Normal
Resources
Standard
Victory
Conquest
Starting age
Dark Age
Ending age
Imperial Age
RankedLock teamsTeams togetherTeam positionsShared explorationLock speedFull tech treeHidden civsTurbo modeCheats
Victory
Defeat
🇳🇱 Bohemians · Netherlands
1011
+17
🇦🇷 Mongols · Argentina
1034
-17
Roelofzen
0:33 Loom
13:58 Feudal Age
14:20 Man-at-Arms
15:40 Forging
21:19 Castle Age
19:42 Double-Bit Axe
19:39 Horse Collar
23:03 Bow Saw
22:54 Heavy Plow
23:33 Wheelbarrow
28:25 Hand Cart
28:00 Town Watch
32:50 Imperial Age
30:49 Scale Mail Armor
31:24 Iron Casting
30:12 Pikeman
30:53 Squires
31:42 Wagenburg Tactics
34:31 Chemistry
33:41 Siege Engineers
33:19 Treadmill Crane
33:08 Halberdier
35:26 Two-Man Saw
34:58 Conscription
35:15 Houfnice
36:22 Chain Mail Armor
36:50 Onager
37:00 Heavy Scorpion
38:49 Town Patrol
41:16 Plate Mail Armor
41:46 Blast Furnace
43:32 Fletching
43:42 Padded Archer Armor
45:10 Onager
47:06 Bodkin Arrow
47:27 Leather Archer Armor
LuisBrowns34
1:42 Loom
13:03 Feudal Age
14:32 Town Watch
16:48 Castle Age
15:20 Double-Bit Axe
17:03 Stone Mining
18:26 Horse Collar
18:57 Bow Saw
24:13 Fletching
26:08 Gold Mining
27:27 Wheelbarrow
28:19 Gold Shaft Mining
28:16 Ballistics
29:12 Bodkin Arrow
31:57 Heavy Plow
32:07 Town Patrol
32:33 Hand Cart
36:39 Imperial Age
34:21 Nomads
34:37 Masonry
34:40 Fortified Wall
36:28 Stone Shaft Mining
36:26 Husbandry
36:37 Bloodlines
36:33 Scale Barding Armor
36:29 Padded Archer Armor
36:39 Forging
38:06 Hoardings
37:54 Conscription
37:56 Chain Barding Armor
37:37 Bracer
39:00 Hoardings
38:29 Elite Mangudai
39:20 Elite Steppe Lancer
40:41 Iron Casting
40:22 Leather Archer Armor
41:41 Iron Casting
41:21 Leather Archer Armor
44:06 Chemistry
43:14 Onager
45:33 Siege Onager
47:27 Siege Engineers
48:38 Capped Ram
49:21 Light Cavalry
Connection lost

Rejoining the realm…

Still unreachable

The connection could not be restored.

Session expired

The server has moved on; the page needs a fresh start.